 Dungeon Crawl Stone Soup version bcrawl-1.12.2 (webtiles) character file.

Game seed: 10713223367439968686

33 Ebbett the Stinger (level 3, -1/21 HPs)
             Began as a Fairy Venom Mage on July 23, 2019.
             Slain by a centaur skeleton (2 damage)
             ... on level 2 of the Dungeon.
             The game lasted 00:02:41 (568 turns).

Ebbett the Stinger (Fairy Venom Mage)                Turns: 568, Time: 00:02:41

Health: -1/21      AC:  4    Str:  6    XL:     3   Next: 29%
Magic:  9/9        EV: 16    Int: 19    God:
Gold:   91         SH:  4    Dex: 12    Spells: 7/8 levels left

rFire    . . .     SeeInvis .   (weapon restricted)
rCold    . . .     Gourm    .   (shield restricted)
rNeg     . . .     Faith    .   (armour unavailable)
rPois    .         Spirit   .   (no helmet)
rElec    .         Reflect  .   (no cloak)
rCorr    .         Harm     .   (no gloves)
MR       .....                  (no boots)
Stlth    +.........             (no amulet)
HPRegen  0.07/turn              (no ring)
MPRegen  0.11/turn              (no ring)

@: flying evasively
A: small, magic attunement, unstealthy, unfitting armour, able to fly, AC/SH +4
a: Stop Flying


You were on level 2 of the Dungeon.
You were not hungry.

You visited 1 branch of the dungeon, and saw 2 of its levels.

You collected 91 gold pieces.

Inventory:

Armour
 o - a scarf of resistance
Wands
 l - a wand of iceblast (4)
Scrolls
 a - a scroll of enchant weapon {unknown}
 e - a scroll of enchant armour {unknown}
 f - 2 scrolls of teleportation {unknown}
 g - 5 scrolls of identify {unknown}
 j - a scroll of magic mapping {unknown}
Potions
 b - a potion of berserk rage
 c - a potion of degeneration
 h - a potion of brilliance {unknown}
 i - 3 potions of lignification {unknown}
 k - a potion of flight {unknown}
 m - a potion of mutation {unknown}
 n - a potion of curing {unknown}
Comestibles
 d - a ration {!d}


   Skills:
 + Level 3.0 Dodging
 + Level 1.6 Stealth
 + Level 3.4 Spellcasting
 + Level 1.6 Conjurations
 + Level 4.2 Poison Magic


You had 7 spell levels left.
You knew the following spells:

 Your Spells              Type           Power        Failure   Level  Hunger
a - Sting                 Conj/Pois      ##..         4%          1    None

Your spell library contained the following spells:

 Spells                   Type           Power        Failure   Level  Hunger
 Poisonous Vapours        Pois/Air       ##....       9%          2    None
 Ignite Poison            Fire/Tmut/Pois #.......     24%         3    None
 Olgreb's Toxic Radiance  Pois           ###.....     26%         4    None
 Summon Scorpions         Summ/Pois      ##......     52%         4    None
 Venom Bolt               Conj/Pois      ##........   77%         5    None


Dungeon Overview and Level Annotations

Branches:
Dungeon (2/12)

Altars:


Innate Abilities, Weirdness & Mutations

Your spells do not cause hunger and MP costs are reduced by 1.
Your bright wings attract enemies. (Stealth-)
You cannot fit into any form of body armour.
Your shimmering scales are hard and can block incoming attacks. (AC +4, SH +4)
You are small and have problems with some larger weapons.
You can fly continuously.


Message History

Confirm with . or Enter, or press ? or * to list all spells.
You can't see any susceptible monsters within range! (Use Z to cast anyway.)
Casting: Sting (safe; 4% risk of failure)
Confirm with . or Enter, or press ? or * to list all spells.
You can't see any susceptible monsters within range! (Use Z to cast anyway.)
The centaur skeleton closely misses you.
The centaur skeleton hits you.
* * * LOW HITPOINT WARNING * * *
The centaur skeleton closely misses you.
You see here a runed scarf.
o - a runed scarf The centaur skeleton misses you.
You hit the centaur skeleton.
The centaur skeleton is lightly damaged.
The centaur skeleton hits you.
* * * LOW HITPOINT WARNING * * *
You hit the centaur skeleton.
The centaur skeleton is lightly damaged.
The centaur skeleton hits you.
You die...

# .# ... ########### ..##
#####.........##....#
............)'......###
#...........##. ...
#.....@Z######. #..?...
#.......#....#.# ......
#####.......#....#.##......
.........).......#.......##
..............).<#..##.....
...................<##.....
.......)..........††)......
.................#.........
.............###)...<#.#...


You could see a centaur skeleton.

Vanquished Creatures
  2 oozes
  3 giant cockroaches
  A goblin (D:2)
  7 hobgoblins
  A quokka (D:2)
  2 bats
  2 kobolds (D:2)
  5 rats
23 creatures vanquished.

Notes
Turn   | Place    | Note
-------+----------+-------------------------------------------
     0 | D:1      | Ebbett the Fairy Venom Mage began the quest for the Orb.
     0 | D:1      | Reached XP level 1. HP: 11/11 MP: 6/6
   127 | D:1      | Reached skill level 4 in Poison Magic
   127 | D:1      | Reached XP level 2. HP: 17/17 MP: 7/7
   507 | D:2      | Reached XP level 3. HP: 16/21 MP: 9/9
   567 | D:2      | HP: 1/21 [centaur skeleton (1)]
   568 | D:2      | Slain by a centaur skeleton

Skill      XL: |  1  2 |
---------------+-------+-----
Poison Magic   | 4 |  4.2
Spellcasting   | 3 |  3.4
Dodging        | 3 |  3.0
Stealth        | |  1.6
Conjurations   | |  1.6

Action                   || total
-------------------------++-------
Melee: Unarmed           ||     5
 Cast: Sting             ||    64
Armor: Skin              ||    10
Dodge: Dodged            ||    39
Block: Other             ||     6
